 Dungeon Crawl Stone Soup version 0.24-a0-132-ge4b1dce (console) character file.

Game seed: 9650249475357981285

20 Duffy the Chopper (level 2, 26/26 HPs)
             Began as a Naga Gladiator on Feb 27, 2019.
             Quit the game on level 2 of the Dungeon.
             The game lasted 00:00:56 (959 turns).

Duffy the Chopper (Naga Gladiator)                   Turns: 959, Time: 00:00:57

Health: 26/26      AC:  3    Str: 16    XL:     2   Next: 79%
Magic:  2/2        EV:  7    Int:  8    God:
Gold:   6          SH:  7    Dex: 12    Spells: 1/1 levels left

rFire    . . .     SeeInvis +   a - +0 war axe
rCold    . . .     Gourm    .   g - +0 shield
rNeg     . . .     Faith    .   h - -1 leather armour (curse)
rPois    +         Spirit   .   c - +0 helmet
rElec    .         Reflect  .   (no cloak)
rCorr    .         Harm     .   o - +0 pair of gloves
MR       .....                  (no barding)
Stlth    +.........             (no amulet)
HPRegen  0.08/turn              (no ring)
MPRegen  0.08/turn              (no ring)

@: very slow
A: large, see invisible, deformed body, poison resistance, slowness 2, slow
metabolism 1, spit poison 1, AC +0
a: Spit Poison


You were on level 2 of the Dungeon.
You were not hungry.

You visited 1 branch of the dungeon, and saw 2 of its levels.

You collected 6 gold pieces.

Inventory:

Hand Weapons
 a - a +0 war axe (weapon)
Missiles
 d - 4 throwing nets (quivered)
Armour
 b - a +0 leather armour
 c - a +0 helmet (worn)
 g - a +0 shield (worn)
 h - a cursed -1 leather armour (worn)
 o - a +0 pair of gloves (worn)
Scrolls
 m - a scroll of teleportation
 n - a scroll of fog
Potions
 e - a potion of heal wounds {unknown}
 k - a potion of resistance {unknown}
 q - a potion of flight {unknown}
Comestibles
 f - 4 rations


   Skills:
 - Level 2.0 Fighting
 + Level 4.0 Axes
 - Level 1.7 Throwing
 - Level 2.4 Dodging


You had one spell level left.
You didn't know any spells.
Your spell library was empty.

Dungeon Overview and Level Annotations

Branches:
Dungeon (2/15)

Altars:


Innate Abilities, Weirdness & Mutations

You cannot wear boots.
Your serpentine skin is tough. (AC +0)
You have supernaturally acute eyesight. (SInv)
Armour fits poorly on your strangely shaped body.
Your system is resistant to poisons. (rPois)
You cover ground very slowly.
You have a slow metabolism.
You can spit poison.


Message History

As you read the scroll labeled YTYEHA TONG, it crumbles to dust.
You hear a loud clanging noise!
It was a scroll of noise.
Drop what? 15/52 slots (_ for help) (? for menu, Esc to quit)
Okay, then.
Done exploring.
Your surroundings suddenly seem different.
(D) Dungeon
Where to? (Enter - D:1 @ (x,y), ? - help)
There is a stone staircase leading down here.
You climb downwards.
Found 27 bolts.
There is a stone staircase leading up here.
As you read the scroll labeled ULLIN ASOB, it crumbles to dust.
It is a scroll of identify.
n - a scroll of fog
As you read the scroll labeled ZIETEM FIMU, it crumbles to dust.
The air around you briefly surges with heat, but it dissipates.
It was a scroll of immolation.
Are you sure you want to abandon this character and quit the game? (Confirm with "yes".)

### . ... ..
#.. #.# #.# ##
##... #.# ..#
......#.#(..#..
#......@.......
#.....###..##..
+.... .... #...
###. #.. .. .


There were no monsters in sight!

Vanquished Creatures
  2 giant cockroaches (D:1)
  5 goblins (D:1)
  3 hobgoblins (D:1)
  3 bats (D:1)
  2 frilled lizards (D:1)
  3 kobolds (D:1)
18 creatures vanquished.

Notes
Turn   | Place    | Note
-------+----------+-------------------------------------------
     0 | D:1      | Duffy the Naga Gladiator began the quest for the Orb.
     0 | D:1      | Reached XP level 1. HP: 19/19 MP: 1/1
   258 | D:1      | Reached XP level 2. HP: 26/26 MP: 2/2
   655 | D:1      | Reached skill level 4 in Axes
   959 | D:2      | Quit the game

Levels and vault maps discovered:
D:1:      lightli_arrival_farm, layout_rooms, chequers_serial_rivers_marsh,
          glass_columns_a
D:2:      layout_basic, lemuel_crystal_altar

Skill      XL: |  1  2 |
---------------+-------+-----
Axes           | 4 |  4.0
Fighting       | |  2.0
Throwing       | |  1.7
Dodging        | |  2.4

Action                   || total
-------------------------++-------
Melee: War axe           ||    43
 Abil: Spit Poison       ||     5
  Use: Scroll            ||     5
Armor: Leather armour    ||    19
Dodge: Dodged            ||    20
Block: Shield            ||    20

Table legend:
 A = Non-vault XP
 B = Vault XP
 C = Vault XP percentage of total XP
 D = Non-vault monster count
 E = Vault monster count
 F = Vault count percentage of total count
                 A         B        C        D         E       F
            +---------+---------+-------+---------+---------+-------
      Total |      29 |       0 |   0.0 |      18 |       0 |   0.0
            +---------+---------+-------+---------+---------+-------
        D:1 |      29 |       0 |   0.0 |      18 |       0 |   0.0
            +---------+---------+-------+---------+---------+-------
